AoeStats
← fede3042

Marketplace

505746330Analyzed
1v1 RM · 21d ago on Sep 10, 2026· 26m 27s· 2 players
Game mode
Random Map
Map size
Tiny (2 player)
Population
200
Speed
Normal
Resources
Standard
Victory
Conquest
Starting age
Dark Age
Ending age
Imperial Age
RankedLock teamsTeams togetherTeam positionsShared explorationLock speedFull tech treeHidden civsTurbo modeCheats
Victory
Defeat
🇦🇷 Bohemians · Argentina
625
+15
🇨🇴 Teutons · Colombia
595
-15
SirLex
15:44 Feudal Age
17:09 Wheelbarrow
16:26 Double-Bit Axe
16:26 Horse Collar
23:50 Castle Age
24:08 Padded Archer Armor
23:59 Fletching
25:00 Bow Saw
25:01 Heavy Plow
25:33 Leather Archer Armor
fede3042
8:21 Loom
10:32 Feudal Age
15:25 Padded Archer Armor
15:16 Fletching
15:56 Double-Bit Axe
21:22 Wheelbarrow
22:48 Horse Collar
Connection lost

Rejoining the realm…

Still unreachable

The connection could not be restored.

Session expired

The server has moved on; the page needs a fresh start.